TOP OF THE 1ST |
Chicago Cubs batting - Pitching for Cleveland Indians : RHP Risto Pandev
|
Pitching: RHP Risto Pandev
|
|
Batting: RHB Yasuhide Kasahara
|
0-0: Ball 1-0: Foul Ball, location: 2F 1-1: Ball 2-1: Fly out, F2 (Popup, 2R, EV 96.9 MPH)
|
Batting: RHB Kaeo Zirpoli
|
0-0: Ball 1-0: Ball 2-0: Foul Ball, location: 2F 2-1: Swinging Strike 2-2: Ball 3-2: Foul Ball, location: 2F 3-2: Foul Ball, location: 2F 3-2: Ground out 6-3 (Groundball, 56, EV 88.8 MPH)
|
Batting: RHB Efrain Vargas
|
0-0: Called Strike 0-1: Swinging Strike 0-2: Ball 1-2: Strikes out swinging
|
Top of the 1st over - 0 runs, 0 hits, 0 errors, 0 left on base; Chicago 0 - Cleveland 0 |
BOTTOM OF THE 1ST |
Cleveland Indians batting - Pitching for Chicago Cubs : RHP Eric Oakes
|
Pitching: RHP Eric Oakes
|
|
Batting: RHB Alex Rodriguez Jr.
|
0-0: Ball 1-0: Ball 2-0: Swinging Strike 2-1: Ball 3-1: Foul Ball, location: 2F 3-2: Strikes out swinging
|
Batting: LHB Arvin Dungca
|
0-0: Called Strike 0-1: Swinging Strike 0-2: Foul Ball, location: 2F 0-2: Foul Ball, location: 2F 0-2: SINGLE (Groundball, 34S, EV 70.6 MPH) (infield hit)
|
Batting: LHB Danny Dunham
|
0-0: Called Strike 0-1: Ball 1-1: Ball 2-1: Called Strike 2-2: Reached on error, E5 (Groundball, 56S, EV 69.4 MPH) Arvin Dungca to third
|
Batting: LHB Hector Pedroso
|
0-0: Foul Ball, location: 2F 0-1: Ball 1-1: Ball 2-1: SINGLE (Groundball, 4MD, EV 95.6 MPH) Arvin Dungca scores Danny Dunham to third Runner from 3rd tries for Home, throw by CF and OUT! 8-2 Hector Pedroso to second
|
Batting: RHB Hiroshige Yamada
|
0-0: SINGLE (Line Drive, 78S, EV 106.9 MPH) Hector Pedroso to third Runner from 3rd tries for Home, throw by LF and OUT! 7-2
|
Bottom of the 1st over - 1 run, 3 hits, 1 error, 1 left on base; Chicago 0 - Cleveland 1 |
TOP OF THE 2ND |
Chicago Cubs batting - Pitching for Cleveland Indians : RHP Risto Pandev
|
Batting: RHB Josh Kalman
|
0-0: SOLO HOME RUN (Flyball, 9D, EV 96.2 MPH), Distance : 377 ft
|
Batting: LHB Kevin Norton
|
0-0: Called Strike 0-1: Ball 1-1: Foul Ball, location: 2F 1-2: Ball 2-2: Foul Ball, location: 2F 2-2: Strikes out swinging
|
Batting: SHB Terry Tuckfard
|
0-0: Called Strike 0-1: Ball 1-1: Swinging Strike 1-2: Ground out 4-3 (Groundball, 4, EV 86.2 MPH)
|
Batting: RHB Elijah Campbell
|
0-0: Swinging Strike 0-1: Ground out 4-3 (Groundball, 4, EV 86.2 MPH)
|
Top of the 2nd over - 1 run, 1 hit, 0 errors, 0 left on base; Chicago 1 - Cleveland 1 |
BOTTOM OF THE 2ND |
Cleveland Indians batting - Pitching for Chicago Cubs : RHP Eric Oakes
|
Pitching: RHP Steve DiDomenico
|
|
Batting: RHB Tommy Baird
|
0-0: Foul Ball, location: 2F 0-1: Ground out 5-3 (Groundball, 5L, EV 106.2 MPH)
|
Batting: RHB Drtian Thaqi
|
0-0: Called Strike 0-1: SINGLE (Line Drive, 4D, EV 101.2 MPH)
|
Batting: RHB Doug Hammertime
|
0-0: Ball 1-0: Swinging Strike Pickoff Throw by Catcher to First - Out! 1-1: Called Strike 1-2: Ball 2-2: Ground out 3-1 (Groundball, 34, EV 103.8 MPH)
|
Bottom of the 2nd over - 0 runs, 1 hit, 0 errors, 0 left on base; Chicago 1 - Cleveland 1 |
TOP OF THE 3RD |
Chicago Cubs batting - Pitching for Cleveland Indians : RHP Risto Pandev
|
Batting: RHB Will Leslie
|
0-0: Foul Ball, location: 2F 0-1: Swinging Strike 0-2: Ground out 4-3 (Groundball, 4, EV 106.2 MPH)
|
Batting: SHB Seung-ho Zhang
|
0-0: Ground out 4-3 (Groundball, 34, EV 88.8 MPH)
|
Batting: RHB Yasuhide Kasahara
|
0-0: Ball 1-0: Ball 2-0: SINGLE (Groundball, 4MS, EV 73.1 MPH) (infield hit)
|
Batting: RHB Kaeo Zirpoli
|
0-0: Ball 1-0: Foul Ball, location: 2F 1-1: Ball 2-1: Called Strike 2-2: Strikes out looking
|
Top of the 3rd over - 0 runs, 1 hit, 0 errors, 1 left on base; Chicago 1 - Cleveland 1 |
BOTTOM OF THE 3RD |
Cleveland Indians batting - Pitching for Chicago Cubs : RHP Steve DiDomenico
|
Batting: RHB Edwin Madrid
|
0-0: Called Strike 0-1: Ball 1-1: Foul Ball, location: 2F 1-2: Fly out, F4 (Line Drive, 6M, EV 65.0 MPH)
|
Batting: RHB Alex Rodriguez Jr.
|
0-0: Ball 1-0: Called Strike 1-1: Called Strike 1-2: Strikes out swinging
|
Batting: LHB Arvin Dungca
|
0-0: Swinging Strike 0-1: Called Strike 0-2: SINGLE (Groundball, 34D, EV 103.8 MPH) (infield hit)
|
Batting: LHB Danny Dunham
|
0-0: Ball 1-0: Called Strike Arvin Dungca steals 2nd base 1-1: 2-RUN HOME RUN (Flyball, 9LD, EV 93.1 MPH), Distance : 348 ft
|
Batting: LHB Hector Pedroso
|
0-0: Called Strike 0-1: Ground out 1-3 (Groundball, 25, EV 66.9 MPH)
|
Bottom of the 3rd over - 2 runs, 2 hits, 0 errors, 0 left on base; Chicago 1 - Cleveland 3 |
TOP OF THE 4TH |
Chicago Cubs batting - Pitching for Cleveland Indians : RHP Risto Pandev
|
Batting: RHB Efrain Vargas
|
0-0: Fly out, F4 (Popup, 34, EV 60.6 MPH)
|
Batting: RHB Josh Kalman
|
0-0: Called Strike 0-1: Ball 1-1: Fly out, F3 (Line Drive, 3L, EV 75.6 MPH)
|
Batting: LHB Kevin Norton
|
0-0: Ball 1-0: Ball 2-0: Ground out 4-3 (Groundball, 34, EV 90.0 MPH)
|
Top of the 4th over - 0 runs, 0 hits, 0 errors, 0 left on base; Chicago 1 - Cleveland 3 |
BOTTOM OF THE 4TH |
Cleveland Indians batting - Pitching for Chicago Cubs : RHP Steve DiDomenico
|
Batting: RHB Hiroshige Yamada
|
0-0: Foul Ball, location: 2F 0-1: Ball 1-1: Ball 2-1: Hit by Pitch
|
Batting: RHB Tommy Baird
|
0-0: Called Strike 0-1: Called Strike 0-2: Ball 1-2: Ball 2-2: Strikes out looking
|
Batting: RHB Drtian Thaqi
|
0-0: Called Strike 0-1: Ball Wild Pitch! Hiroshige Yamada to second 1-1: Foul Ball, location: 2F 1-2: Strikes out swinging
|
Batting: RHB Doug Hammertime
|
0-0: Ball 1-0: Ball 2-0: Ball 3-0: Base on Balls
|
Batting: RHB Edwin Madrid
|
0-0: Foul Ball, location: 2F 0-1: Called Strike 0-2: Foul Ball, location: 2F 0-2: Foul Ball, location: 2F 0-2: DOUBLE (Groundball, 5L, EV 103.8 MPH) Hiroshige Yamada scores Doug Hammertime to third Runner from 3rd tries for Home, SAFE, throw by LF to home
|
Batting: RHB Alex Rodriguez Jr.
|
0-0: Swinging Strike 0-1: Called Strike 0-2: Strikes out swinging
|
Bottom of the 4th over - 2 runs, 1 hit, 0 errors, 1 left on base; Chicago 1 - Cleveland 5 |
TOP OF THE 5TH |
Chicago Cubs batting - Pitching for Cleveland Indians : RHP Risto Pandev
|
Batting: SHB Terry Tuckfard
|
0-0: Fly out, F8 (Flyball, 89S, EV 89.4 MPH)
|
Batting: RHB Elijah Campbell
|
0-0: Swinging Strike 0-1: Swinging Strike 0-2: Ball 1-2: Ball 2-2: Ball 3-2: Foul Ball, location: 2F 3-2: Base on Balls
|
Batting: RHB Will Leslie
|
0-0: Called Strike 0-1: Ball 1-1: Swinging Strike 1-2: Foul Ball, location: 2F 1-2: Foul Ball, location: 2F 1-2: Foul Ball, location: 2F 1-2: Foul Ball, location: 2F 1-2: Foul Ball, location: 2F 1-2: Fly out, F7 (Flyball, 78S, EV 83.8 MPH)
|
Batting: SHB Seung-ho Zhang
|
Pickoff Throw to First - Out! 1-3 CS
|
Top of the 5th over - 0 runs, 0 hits, 0 errors, 0 left on base; Chicago 1 - Cleveland 5 |
BOTTOM OF THE 5TH |
Cleveland Indians batting - Pitching for Chicago Cubs : RHP Steve DiDomenico
|
Batting: LHB Arvin Dungca
|
0-0: Foul Ball, location: 2F 0-1: Ball 1-1: Ball 2-1: Swinging Strike 2-2: Ball 3-2: Foul Ball, location: 2F 3-2: SINGLE (Groundball, 3D, EV 96.2 MPH)
|
Batting: LHB Danny Dunham
|
0-0: Ball 1-0: Foul Ball, location: 2F 1-1: Ball 2-1: Foul Ball, location: 2F 2-2: Ball 3-2: Foul Ball, location: 2F 3-2: Foul Ball, location: 2F 3-2: Foul Ball, location: 2F 3-2: Base on Balls Arvin Dungca to second
|
Batting: LHB Hector Pedroso
|
0-0: Ball 1-0: Called Strike 1-1: Foul Ball, location: 2F 1-2: Strikes out swinging
|
Batting: RHB Hiroshige Yamada
|
0-0: Ball 1-0: Ball 2-0: Ball 3-0: Base on Balls Arvin Dungca to third Danny Dunham to second
|
Batting: RHB Tommy Baird
|
0-0: Foul Ball, location: 2F 0-1: Ball 1-1: Fly out, F8 (Line Drive, 89D, EV 94.4 MPH) Runner from 3rd tags up, SCORES, throw by CF Danny Dunham to third
|
Batting: RHB Drtian Thaqi
|
0-0: Ball 1-0: Ball 2-0: Ball 3-0: Foul Ball, location: 2F 3-1: Called Strike 3-2: SINGLE (Flyball, 8RS, EV 96.9 MPH) Danny Dunham scores Hiroshige Yamada to second Hiroshige Yamada to third
|
Pitching: RHP Chris Ray
|
|
Batting: RHB Doug Hammertime
|
0-0: Ball 1-0: Fielders Choice at 2nd, 5-4 (Groundball, 5, EV 83.1 MPH)
|
Bottom of the 5th over - 2 runs, 2 hits, 0 errors, 2 left on base; Chicago 1 - Cleveland 7 |
TOP OF THE 6TH |
Chicago Cubs batting - Pitching for Cleveland Indians : RHP Risto Pandev
|
Batting: SHB Seung-ho Zhang
|
0-0: Foul Ball, location: 2F 0-1: Called Strike 0-2: DOUBLE (Groundball, 5L, EV 98.8 MPH)
|
Batting: RHB Yasuhide Kasahara
|
0-0: Foul Ball, location: 2F 0-1: Ball 1-1: Ball 2-1: Foul Ball, location: 2F 2-2: Ball 3-2: DOUBLE (Line Drive, 78D, EV 108.1 MPH) Seung-ho Zhang scores
|
Batting: RHB Kaeo Zirpoli
|
0-0: Called Strike 0-1: Ball Wild Pitch! Yasuhide Kasahara to third 1-1: Ball 2-1: Called Strike 2-2: Foul Ball, location: 2F 2-2: Fly out, F7 (Flyball, 7LMF, EV 103.8 MPH) Runner from 3rd tags up, SCORES, no throw by LF
|
Batting: RHB Efrain Vargas
|
0-0: Ball 1-0: Foul Ball, location: 2F 1-1: Fly out, F7 (Flyball, 78S, EV 88.1 MPH)
|
Batting: RHB Josh Kalman
|
0-0: Called Strike 0-1: Ball 1-1: Ball 2-1: Foul Ball, location: 2F 2-2: SINGLE (Line Drive, 34D, EV 103.8 MPH)
|
Batting: LHB Kevin Norton
|
0-0: Foul Ball, location: 2F 0-1: Swinging Strike 0-2: Strikes out looking
|
Top of the 6th over - 2 runs, 3 hits, 0 errors, 1 left on base; Chicago 3 - Cleveland 7 |
BOTTOM OF THE 6TH |
Cleveland Indians batting - Pitching for Chicago Cubs : RHP Chris Ray
|
Batting: RHB Edwin Madrid
|
0-0: Ball 1-0: Ball 2-0: Fly out, F7 (Flyball, 7D, EV 95.0 MPH)
|
Batting: RHB Alex Rodriguez Jr.
|
0-0: Ball 1-0: Foul Ball, location: 2F 1-1: Foul Ball, location: 2F 1-2: Strikes out swinging
|
Batting: LHB Arvin Dungca
|
0-0: Called Strike 0-1: Ball 1-1: Called Strike 1-2: Ball 2-2: Ball 3-2: Strikes out looking
|
Bottom of the 6th over - 0 runs, 0 hits, 0 errors, 0 left on base; Chicago 3 - Cleveland 7 |
TOP OF THE 7TH |
Chicago Cubs batting - Pitching for Cleveland Indians : RHP Risto Pandev
|
Now in RF: Stu Sornson
|
|
Batting: SHB Terry Tuckfard
|
0-0: Foul Ball, location: 2F 0-1: Called Strike 0-2: Foul Ball, location: 2F 0-2: SINGLE (Line Drive, 7LS, EV 88.1 MPH)
|
Batting: RHB Elijah Campbell
|
0-0: Called Strike 0-1: Ball 1-1: SINGLE (Line Drive, 9S, EV 88.8 MPH) Terry Tuckfard to second Runner from 2nd tries for 3rd, SAFE, throw by RF made to third
|
Batting: RHB Will Leslie
|
0-0: Foul Ball, location: 2F 0-1: SINGLE (Groundball, 6MD, EV 104.4 MPH) Terry Tuckfard scores Elijah Campbell to second
|
Batting: SHB Seung-ho Zhang
|
0-0: Called Strike 0-1: Ball 1-1: Called Strike 1-2: Strikes out looking
|
Pitching: RHP Matt Laverty
|
|
Batting: RHB Yasuhide Kasahara
|
0-0: Swinging Strike 0-1: Ball 1-1: Swinging Strike 1-2: Foul Ball, location: 2F 1-2: Foul Ball, location: 2F 1-2: Ball 2-2: Foul Ball, location: 2F 2-2: Strikes out swinging
|
Batting: RHB Kaeo Zirpoli
|
0-0: DOUBLE (Flyball, 8RD, EV 95.0 MPH) Elijah Campbell scores Will Leslie to third Runner from 3rd tries for Home, SAFE, no throw by CF
|
Pinch Runner at 2nd Steve Bui:
|
|
Batting: RHB Efrain Vargas
|
0-0: Ball 1-0: Swinging Strike 1-1: Fly out, F8 (Flyball, 8RD, EV 101.2 MPH)
|
Top of the 7th over - 3 runs, 4 hits, 0 errors, 1 left on base; Chicago 6 - Cleveland 7 |
BOTTOM OF THE 7TH |
Cleveland Indians batting - Pitching for Chicago Cubs : RHP Chris Ray
|
Now in CF: Kevin Norton
|
|
Now in RF: Tim Hone
|
|
Batting: LHB Danny Dunham
|
0-0: Called Strike 0-1: Swinging Strike 0-2: Strikes out swinging
|
Batting: LHB Hector Pedroso
|
0-0: Foul Ball, location: 2F 0-1: Fly out, F9 (Line Drive, 9, EV 83.1 MPH)
|
Batting: RHB Hiroshige Yamada
|
0-0: Called Strike 0-1: Swinging Strike 0-2: Ground out 6-3 (Groundball, 6, EV 98.8 MPH)
|
Bottom of the 7th over - 0 runs, 0 hits, 0 errors, 0 left on base; Chicago 6 - Cleveland 7 |
TOP OF THE 8TH |
Chicago Cubs batting - Pitching for Cleveland Indians : RHP Matt Laverty
|
Batting: RHB Josh Kalman
|
0-0: Foul Ball, location: 2F 0-1: Foul Ball, location: 2F 0-2: Ball 1-2: Foul Ball, location: 2F 1-2: SINGLE (Groundball, 4MD, EV 98.8 MPH)
|
Batting: LHB Kevin Norton
|
0-0: Ball 1-0: Ball 2-0: Called Strike 2-1: Grounds into double play, 5-4-3 (Groundball, 5, EV 85.6 MPH)
|
Batting: SHB Terry Tuckfard
|
0-0: Foul Ball, location: 2F 0-1: Called Strike 0-2: Strikes out swinging
|
Top of the 8th over - 0 runs, 1 hit, 0 errors, 0 left on base; Chicago 6 - Cleveland 7 |
BOTTOM OF THE 8TH |
Cleveland Indians batting - Pitching for Chicago Cubs : RHP Chris Ray
|
Batting: RHB Tommy Baird
|
0-0: Called Strike 0-1: Ground out 5-3 (Groundball, 56S, EV 71.9 MPH)
|
Batting: LHB Stu Sornson
|
0-0: SINGLE (Groundball, 6D, EV 101.9 MPH)
|
Batting: RHB Doug Hammertime
|
0-0: Foul Ball, location: 2F 0-1: Ball 1-1: Foul Ball, location: 2F 1-2: Ball 2-2: Foul Ball, location: 2F 2-2: Ball 3-2: Strikes out swinging Stu Sornson steals 2nd base Batter strikes out.
|
Batting: RHB Edwin Madrid
|
0-0: Swinging Strike 0-1: Ball 1-1: Foul Ball, location: 2F 1-2: Ball 2-2: Foul Ball, location: 2F 2-2: Ball 3-2: Foul Ball, location: 2F 3-2: Base on Balls
|
Batting: RHB Alex Rodriguez Jr.
|
0-0: Ball 1-0: Foul Ball, location: 2F 1-1: Ball 2-1: Foul Ball, location: 2F 2-2: Ball 3-2: Fly out, F3 (Popup, 3L, EV 54.4 MPH)
|
Bottom of the 8th over - 0 runs, 1 hit, 0 errors, 2 left on base; Chicago 6 - Cleveland 7 |
TOP OF THE 9TH |
Chicago Cubs batting - Pitching for Cleveland Indians : RHP Matt Laverty
|
Pitching: RHP Juan Flores
|
|
Batting: RHB Elijah Campbell
|
0-0: Foul Ball, location: 2F 0-1: Ball 1-1: Fly out, F8 (Flyball, 8RM, EV 90.0 MPH)
|
Batting: RHB Will Leslie
|
0-0: Ball 1-0: Foul Ball, location: 2F 1-1: Called Strike 1-2: Foul Ball, location: 2F 1-2: Ground out 6-3 (Groundball, 6, EV 101.2 MPH)
|
Batting: SHB Seung-ho Zhang
|
0-0: Ground out 6-3 (Groundball, 4M, EV 103.1 MPH)
|
Top of the 9th over - 0 runs, 0 hits, 0 errors, 0 left on base; Chicago 6 - Cleveland 7 |
|